General information
- name: BNet
- type: Ladder team game (AT/RT)
- host: Battle.net
- saver: NeIsonMandeIIa
map: Deadlands
- players: 8
- length: 40:22
- speed: Fast
- version: 1.26 W3XP
- replay type: Public
» download(258 KB)
Players
team 1 (loser)
ToSeNeWrati (
blue | 26 APM | 784 actions | 29:51)
7 Keeper of the Grove
3 Force of Nature
1 Thorns Aura
2 Entangling Roots
1 Tranquility
» actions
| Build / train | 80 | |
| Enter build submenu | 15 | |
| Enter hero's abilities submenu | 7 | |
| Give item / drop item | 4 | |
| Right click | 350 | |
| Select / deselect | 262 | |
| Use ability | 66 | |
784 total
» units
| Wisp | 14 | |
| Huntress | 3 | |
| Dryad | 9 | |
| Hippogryph | 18 | |
| Chimaera | 4 | |
| Glaive Thrower | 1 | |
49 total
» upgrades
| Strength of the Wild | 3 | |
| Reinforced Hides | 3 | |
| Abolish Magic | 1 | |
| Corrosive Breath | 1 | |
| Nature's Blessing | 1 | |
9 total
» buildings
| Altar of Elders | 1 | |
| Moon Well | 6 | |
| Hunter's Hall | 1 | |
| Ancient of War | 1 | |
| Ancient Protector | 2 | |
| Ancient of Wonders | 1 | |
| Tree of Ages | 1 | |
| Ancient of Wind | 1 | |
| Ancient of Lore | 1 | |
| Tree of Eternity | 1 | |
| Chimaera Roost | 1 | |
17 total
» build order
00:11 Altar of Elders
00:18 Moon Well
01:11 Hunter's Hall
01:41 Ancient of War
02:13 Ancient Protector
02:24 Moon Well
02:37 Ancient of Wonders
03:35 Tree of Ages
04:08 Moon Well
04:45 Moon Well
06:01 Ancient of Wind
06:05 Ancient of Lore
06:29 Tree of Eternity
09:13 Chimaera Roost
11:13 Ancient Protector
11:26 Moon Well
16:25 Moon Well
» items
| Lesser Clarity Potion | 2 | |
| Scroll of Town Portal | 4 | |
| Anti-magic Potion | 3 | |
| Potion of Mana | 3 | |
12 total
NICK_FOLES_1 (
yellow | 54 APM | 2179 actions | 40:18)
7 Mountain King
3 Storm Bolt
3 Bash
1 Avatar
» actions
| Assign group hotkey | 46 | |
| Basic commands | 31 | |
| Build / train | 79 | |
| Enter build submenu | 27 | |
| Enter hero's abilities submenu | 7 | |
| Give item / drop item | 3 | |
| Remove unit from queue | 1 | |
| Right click | 846 | |
| Select / deselect | 310 | |
| Select group hotkey | 719 | |
| Use ability | 110 | |
2179 total
» units
| Peasant | 13 | |
| Footman | 4 | |
| Goblin Shredder | 1 | |
| Rifleman | 3 | |
| Mortar Team | 4 | |
| Draenei Darkslayer | 1 | |
26 total
» upgrades
| Masonry | 3 | |
| Gunpowder | 3 | |
| Long Rifles | 1 | |
| Lumber Harvesting | 0 | |
| Flare | 1 | |
| Fragmentation Shards | 1 | |
| Armor | 3 | |
| Barrage | 1 | |
13 total
» buildings
| Altar of Kings | 1 | |
| Barracks | 4 | |
| Farm | 12 | |
| Lumber Mill | 1 | |
| Town Hall | 2 | |
| Scout Tower | 42 | |
| Guard Tower | 16 | |
| Keep | 2 | |
| Arcane Vault | 1 | |
| Blacksmith | 1 | |
| Castle | 1 | |
| Workshop | 3 | |
| Cannon Tower | 7 | |
93 total
» build order
00:07 Altar of Kings
00:21 Barracks
00:37 Farm
00:51 Farm
01:32 Farm
01:41 Lumber Mill
03:22 Town Hall
03:25 Scout Tower
03:26 Scout Tower
03:26 Scout Tower
03:27 Scout Tower
03:58 Guard Tower
04:17 Guard Tower
04:26 Scout Tower
04:34 Farm
04:59 Guard Tower
05:25 Scout Tower
05:25 Scout Tower
05:28 Scout Tower
06:04 Keep
06:04 Keep
06:17 Guard Tower
06:22 Guard Tower
06:48 Arcane Vault
07:06 Guard Tower
07:11 Blacksmith
07:15 Scout Tower
07:16 Scout Tower
07:16 Scout Tower
07:19 Scout Tower
07:20 Scout Tower
07:57 Guard Tower
08:13 Barracks
08:16 Guard Tower
08:20 Barracks
08:21 Barracks
08:30 Castle
08:52 Farm
08:54 Farm
08:54 Farm
09:21 Workshop
09:21 Workshop
10:20 Farm
10:20 Farm
10:21 Farm
10:22 Farm
12:14 Scout Tower
12:14 Scout Tower
12:14 Scout Tower
12:15 Scout Tower
12:18 Scout Tower
12:18 Scout Tower
12:19 Scout Tower
12:19 Scout Tower
12:54 Guard Tower
12:55 Guard Tower
12:58 Guard Tower
14:08 Guard Tower
14:18 Scout Tower
14:18 Scout Tower
14:19 Scout Tower
14:19 Scout Tower
14:20 Scout Tower
14:20 Scout Tower
14:41 Workshop
15:25 Guard Tower
17:20 Guard Tower
20:25 Scout Tower
20:25 Scout Tower
20:26 Scout Tower
20:26 Scout Tower
20:27 Scout Tower
20:27 Scout Tower
21:10 Guard Tower
21:45 Cannon Tower
22:49 Scout Tower
22:49 Scout Tower
22:50 Scout Tower
22:51 Scout Tower
22:52 Scout Tower
23:23 Cannon Tower
23:26 Cannon Tower
23:26 Cannon Tower
24:06 Cannon Tower
24:23 Cannon Tower
25:11 Scout Tower
25:12 Scout Tower
25:12 Scout Tower
26:17 Cannon Tower
36:42 Town Hall
» items
| Healing Salve | 2 | |
| Scroll of Town Portal | 1 | |
| Orb of Fire | 1 | |
| Staff of Sanctuary | 1 | |
5 total
orcccc (
orange | 70 APM | 2102 actions | 29:55)
5 Blademaster
3 Wind Walk
2 Critical Strike
5 Shadow Hunter
3 Hex
2 Healing Wave
» actions
| Assign group hotkey | 161 | |
| Basic commands | 95 | |
| Build / train | 75 | |
| ESC pressed | 1 | |
| Enter build submenu | 20 | |
| Enter hero's abilities submenu | 10 | |
| Give item / drop item | 2 | |
| Right click | 532 | |
| Select / deselect | 354 | |
| Select group hotkey | 766 | |
| Use ability | 85 | |
2102 total
» units
| Peon | 17 | |
| Wind Rider | 10 | |
| Troll Batrider | 6 | |
33 total
» upgrades
| Ranged Weapons | 3 | |
| Envenomed Spears | 1 | |
| Armor | 4 | |
| Reinforced Defenses | 1 | |
9 total
» buildings
| Altar of Storms | 1 | |
| Orc Burrow | 11 | |
| War Mill | 1 | |
| Voodoo Lounge | 1 | |
| Stronghold | 3 | |
| Fortress | 4 | |
| Beastiary | 4 | |
25 total
» build order
00:07 Altar of Storms
00:19 Orc Burrow
00:52 War Mill
01:14 Voodoo Lounge
02:25 Stronghold
02:25 Stronghold
02:58 Orc Burrow
03:21 Orc Burrow
04:31 Orc Burrow
04:46 Fortress
04:46 Fortress
04:47 Fortress
04:49 Beastiary
04:51 Beastiary
05:33 Orc Burrow
09:58 Orc Burrow
11:27 Orc Burrow
11:30 Orc Burrow
11:46 Orc Burrow
12:51 Orc Burrow
17:41 Orc Burrow
21:49 Beastiary
21:51 Beastiary
» items
| Healing Salve | 2 | |
| Scroll of Speed | 1 | |
| Lesser Clarity Potion | 1 | |
| Orb of Lightning | 1 | |
| Potion of Healing | 2 | |
| Circlet of Nobility | 1 | |
8 total

»
realizeitzagame (
red | 36 APM | 1067 actions | 29:54)
4 Archmage
2 Summon Water Elemental
1 Brilliance Aura
1 Blizzard
1 Paladin
1 Holy Light
2 Blood Mage
1 Flame Strike
1 Siphon Mana
» actions
| Basic commands | 2 | |
| Build / train | 98 | |
| Enter build submenu | 27 | |
| Enter hero's abilities submenu | 7 | |
| Give item / drop item | 4 | |
| Remove unit from queue | 1 | |
| Right click | 520 | |
| Select / deselect | 306 | |
| Use ability | 102 | |
1067 total
» units
| Peasant | 35 | |
| Footman | 6 | |
| Siege Engine | 5 | |
46 total
» upgrades
| Lumber Harvesting | 2 | |
| Masonry | 2 | |
| Gunpowder | 1 | |
| Armor | 1 | |
6 total
» buildings
| Farm | 6 | |
| Barracks | 1 | |
| Altar of Kings | 1 | |
| Town Hall | 3 | |
| Lumber Mill | 1 | |
| Keep | 1 | |
| Scout Tower | 28 | |
| Blacksmith | 1 | |
| Guard Tower | 12 | |
| Arcane Vault | 1 | |
| Castle | 1 | |
| Workshop | 2 | |
58 total
» build order
00:11 Farm
00:15 Barracks
00:56 Altar of Kings
01:19 Farm
02:04 Farm
02:45 Farm
03:19 Farm
04:14 Town Hall
04:45 Lumber Mill
05:23 Keep
06:05 Scout Tower
06:06 Scout Tower
06:07 Scout Tower
06:08 Scout Tower
06:35 Blacksmith
08:08 Guard Tower
08:12 Scout Tower
08:13 Scout Tower
08:14 Scout Tower
08:16 Scout Tower
08:31 Arcane Vault
09:01 Scout Tower
09:02 Scout Tower
09:03 Scout Tower
09:07 Scout Tower
09:18 Castle
09:50 Guard Tower
10:04 Guard Tower
10:33 Town Hall
10:43 Scout Tower
10:44 Scout Tower
10:45 Scout Tower
11:32 Guard Tower
11:37 Scout Tower
11:38 Scout Tower
11:39 Scout Tower
11:39 Scout Tower
11:54 Town Hall
11:58 Guard Tower
12:14 Scout Tower
12:19 Guard Tower
13:36 Guard Tower
13:40 Guard Tower
14:35 Scout Tower
14:35 Scout Tower
14:37 Scout Tower
14:37 Scout Tower
14:41 Guard Tower
14:45 Workshop
14:48 Workshop
15:22 Guard Tower
15:59 Guard Tower
16:02 Scout Tower
17:46 Guard Tower
18:00 Scout Tower
18:00 Scout Tower
18:02 Scout Tower
20:37 Farm
» items
| Healing Salve | 2 | |
| Lesser Clarity Potion | 1 | |
| Ivory Tower | 3 | |
| Orb of Fire | 3 | |
| Tiny Great Hall | 2 | |
| Scroll of Town Portal | 3 | |
| Orb of Venom | 1 | |
| Scroll of Regeneration | 1 | |
| Potion of Healing | 2 | |
| Orb of Lightning | 2 | |
| Potion of Mana | 1 | |
21 total
team 2 (winner)
NeIsonMandeIIa (
purple | 89 APM | 3600 actions | 40:22)
8 Archmage
3 Summon Water Elemental
3 Brilliance Aura
1 Mass Teleport
1 Blizzard
» actions
| Assign group hotkey | 78 | |
| Basic commands | 348 | |
| Build / train | 160 | |
| ESC pressed | 8 | |
| Enter build submenu | 49 | |
| Enter hero's abilities submenu | 8 | |
| Give item / drop item | 4 | |
| Right click | 1033 | |
| Select / deselect | 456 | |
| Select group hotkey | 1056 | |
| Use ability | 400 | |
3600 total
» units
| Peasant | 23 | |
| Footman | 9 | |
| Goblin Shredder | 4 | |
| Dragonhawk Rider | 7 | |
| Gryphon Rider | 6 | |
49 total
» upgrades
| Masonry | 3 | |
| Swords | 3 | |
| Lumber Harvesting | 2 | |
| Armor | 3 | |
| Animal War Training | 1 | |
| Cloud | 1 | |
| Storm Hammers | 1 | |
| Spiked Barricades | 1 | |
15 total
» buildings
| Altar of Kings | 1 | |
| Barracks | 1 | |
| Farm | 5 | |
| Arcane Vault | 1 | |
| Scout Tower | 39 | |
| Arcane Tower | 16 | |
| Town Hall | 3 | |
| Keep | 2 | |
| Lumber Mill | 1 | |
| Guard Tower | 21 | |
| Gryphon Aviary | 4 | |
| Blacksmith | 1 | |
| Castle | 4 | |
99 total
» build order
00:58 Altar of Kings
01:00 Barracks
01:01 Farm
01:06 Farm
01:47 Farm
01:52 Arcane Vault
02:18 Farm
04:08 Scout Tower
04:33 Arcane Tower
04:34 Arcane Tower
04:34 Arcane Tower
04:34 Arcane Tower
05:52 Town Hall
06:42 Town Hall
07:16 Keep
07:16 Keep
07:25 Lumber Mill
08:31 Farm
09:12 Scout Tower
09:13 Scout Tower
09:14 Scout Tower
09:26 Scout Tower
09:26 Scout Tower
09:27 Scout Tower
09:28 Scout Tower
09:29 Scout Tower
09:46 Guard Tower
09:53 Gryphon Aviary
09:55 Gryphon Aviary
10:33 Blacksmith
11:26 Scout Tower
11:58 Guard Tower
12:25 Castle
12:25 Castle
14:14 Gryphon Aviary
14:16 Gryphon Aviary
14:24 Scout Tower
14:25 Scout Tower
14:26 Scout Tower
14:26 Scout Tower
14:28 Scout Tower
15:04 Guard Tower
18:23 Scout Tower
18:24 Scout Tower
18:25 Scout Tower
18:27 Scout Tower
19:07 Guard Tower
19:08 Guard Tower
24:03 Town Hall
24:04 Scout Tower
24:05 Scout Tower
24:07 Scout Tower
24:08 Scout Tower
24:09 Scout Tower
24:10 Scout Tower
24:10 Scout Tower
24:11 Scout Tower
24:12 Scout Tower
24:13 Scout Tower
24:14 Scout Tower
24:15 Scout Tower
24:17 Scout Tower
25:08 Guard Tower
25:41 Guard Tower
25:41 Guard Tower
26:10 Guard Tower
26:10 Guard Tower
26:15 Scout Tower
26:17 Scout Tower
26:20 Scout Tower
26:22 Scout Tower
26:25 Scout Tower
26:27 Scout Tower
26:30 Scout Tower
27:01 Guard Tower
27:01 Guard Tower
27:01 Guard Tower
27:01 Guard Tower
27:02 Guard Tower
27:02 Guard Tower
27:02 Guard Tower
27:26 Arcane Tower
27:26 Arcane Tower
27:26 Arcane Tower
27:27 Arcane Tower
27:27 Arcane Tower
27:50 Arcane Tower
» items
| Scroll of Regeneration | 6 | |
| Mechanical Critter | 2 | |
| Scroll of Town Portal | 3 | |
| Periapt of Vitality | 1 | |
| Staff of Teleportation | 1 | |
| Potion of Lesser Invulnerability | 2 | |
| Potion of Invisibility | 1 | |
| Staff of Sanctuary | 1 | |
| Lesser Clarity Potion | 1 | |
18 total
PorkyJake (
teal | 45 APM | 1821 actions | 40:18)
10 Archmage
3 Summon Water Elemental
3 Brilliance Aura
1 Mass Teleport
3 Blizzard
» actions
| Assign group hotkey | 38 | |
| Basic commands | 144 | |
| Build / train | 110 | |
| Enter build submenu | 47 | |
| Enter hero's abilities submenu | 12 | |
| Give item / drop item | 3 | |
| Right click | 582 | |
| Select / deselect | 405 | |
| Select group hotkey | 337 | |
| Use ability | 142 | |
1821 total
» units
| Peasant | 12 | |
| Footman | 4 | |
| Goblin Shredder | 1 | |
| Gryphon Rider | 13 | |
| Dragonhawk Rider | 3 | |
| Goblin Zeppelin | 1 | |
34 total
» upgrades
| Masonry | 3 | |
| Swords | 3 | |
| Armor | 4 | |
| Storm Hammers | 1 | |
| Animal War Training | 1 | |
| Cloud | 1 | |
13 total
» buildings
| Altar of Kings | 1 | |
| Barracks | 1 | |
| Farm | 13 | |
| Arcane Vault | 3 | |
| Keep | 1 | |
| Lumber Mill | 1 | |
| Town Hall | 3 | |
| Scout Tower | 21 | |
| Guard Tower | 21 | |
| Castle | 1 | |
| Gryphon Aviary | 4 | |
| Blacksmith | 2 | |
72 total
» build order
00:38 Altar of Kings
00:41 Barracks
00:51 Farm
00:52 Farm
00:53 Farm
01:06 Farm
02:01 Farm
03:07 Arcane Vault
03:33 Keep
03:48 Lumber Mill
04:55 Town Hall
05:00 Scout Tower
05:00 Scout Tower
05:01 Scout Tower
05:03 Scout Tower
05:06 Scout Tower
05:36 Guard Tower
05:39 Guard Tower
05:58 Castle
06:20 Guard Tower
06:21 Scout Tower
06:24 Scout Tower
08:07 Guard Tower
08:11 Gryphon Aviary
08:13 Gryphon Aviary
08:15 Gryphon Aviary
08:23 Gryphon Aviary
09:48 Blacksmith
09:51 Blacksmith
10:04 Farm
12:16 Town Hall
12:19 Scout Tower
12:20 Scout Tower
12:20 Scout Tower
12:20 Scout Tower
12:23 Scout Tower
12:32 Scout Tower
12:33 Scout Tower
12:33 Scout Tower
12:33 Scout Tower
12:37 Scout Tower
12:41 Arcane Vault
12:51 Guard Tower
12:54 Guard Tower
12:55 Guard Tower
12:55 Guard Tower
12:55 Guard Tower
12:56 Guard Tower
12:57 Guard Tower
12:57 Guard Tower
13:30 Guard Tower
13:48 Guard Tower
13:54 Scout Tower
13:57 Arcane Vault
13:59 Scout Tower
14:01 Scout Tower
14:07 Scout Tower
14:28 Guard Tower
14:34 Guard Tower
14:37 Guard Tower
14:39 Guard Tower
26:35 Farm
26:35 Farm
26:35 Farm
26:36 Farm
26:36 Farm
27:01 Farm
27:03 Farm
29:29 Guard Tower
29:35 Town Hall
30:02 Guard Tower
» items
| Scroll of Regeneration | 10 | |
| Mechanical Critter | 5 | |
| Lesser Clarity Potion | 3 | |
| Scroll of Town Portal | 3 | |
| Potion of Healing | 5 | |
| Ivory Tower | 3 | |
29 total
ThePolarBear (
pink | 48 APM | 1412 actions | 29:27)
3 Blademaster
1 Mirror Image
2 Wind Walk
2 Shadow Hunter
1 Healing Wave
1 Hex
1 Dark Ranger
1 Black Arrow
» actions
| Basic commands | 12 | |
| Build / train | 95 | |
| Enter build submenu | 31 | |
| Enter hero's abilities submenu | 5 | |
| Remove unit from queue | 4 | |
| Right click | 782 | |
| Select / deselect | 423 | |
| Use ability | 60 | |
1412 total
» units
| Peon | 28 | |
| Grunt | 10 | |
| Troll Headhunter/Berserker | 27 | |
| Demolisher | 4 | |
69 total
» upgrades
| Berserker Strength | 1 | |
| Melee Weapons | 1 | |
| Armor | 2 | |
| Spiked Barricades | 1 | |
| Reinforced Defenses | 1 | |
| Troll Regeneration | 1 | |
| Berserker Upgrade | 1 | |
| Ranged Weapons | 2 | |
| Pillage | 1 | |
11 total
» buildings
| Altar of Storms | 1 | |
| Orc Burrow | 9 | |
| Barracks | 2 | |
| Stronghold | 1 | |
| War Mill | 2 | |
| Great Hall | 4 | |
| Fortress | 1 | |
| Watch Tower | 8 | |
| Beastiary | 1 | |
29 total
» build order
00:10 Altar of Storms
00:14 Orc Burrow
00:41 Barracks
01:39 Orc Burrow
02:35 Orc Burrow
03:34 Orc Burrow
03:36 Stronghold
04:47 War Mill
05:58 Great Hall
06:58 Great Hall
07:43 Fortress
07:51 Orc Burrow
08:50 Watch Tower
10:13 Watch Tower
11:10 Barracks
11:50 Watch Tower
12:34 Watch Tower
17:51 Great Hall
18:32 Great Hall
18:47 Orc Burrow
19:17 Orc Burrow
19:32 War Mill
22:17 Orc Burrow
23:18 Orc Burrow
24:05 Beastiary
28:55 Watch Tower
29:01 Watch Tower
29:12 Watch Tower
29:20 Watch Tower

»
itsyaboy (
green | 51 APM | 2066 actions | 40:18)
4 Far Seer
2 Chain Lighting
2 Feral Spirit
5 Shadow Hunter
1 Serpent Ward
2 Healing Wave
2 Hex
» actions
| Build / train | 81 | |
| Enter build submenu | 15 | |
| Enter hero's abilities submenu | 9 | |
| Right click | 1306 | |
| Select / deselect | 573 | |
| Use ability | 82 | |
2066 total
» units
| Peon | 14 | |
| Troll Headhunter/Berserker | 23 | |
| Wind Rider | 6 | |
| Draenei Disciple | 1 | |
| Shaman | 5 | |
| Grunt | 1 | |
50 total
» upgrades
| Ranged Weapons | 3 | |
| Troll Regeneration | 1 | |
| Berserker Upgrade | 1 | |
| Envenomed Spears | 1 | |
| Shaman Training | 2 | |
| Armor | 1 | |
9 total
» buildings
| Altar of Storms | 1 | |
| Orc Burrow | 6 | |
| Stronghold | 1 | |
| War Mill | 2 | |
| Barracks | 1 | |
| Fortress | 2 | |
| Beastiary | 2 | |
| Watch Tower | 1 | |
| Spirit Lodge | 1 | |
17 total
» build order
00:05 Altar of Storms
00:09 Orc Burrow
02:07 Stronghold
02:11 War Mill
02:15 Orc Burrow
02:51 Barracks
04:06 Orc Burrow
05:13 Fortress
05:20 Beastiary
05:40 Beastiary
07:00 Orc Burrow
07:16 Watch Tower
10:59 Fortress
12:30 Spirit Lodge
16:23 Orc Burrow
20:17 Orc Burrow
26:03 War Mill
» items
| Scroll of Healing | 3 | |
| Boots of Speed | 1 | |
| Scroll of Town Portal | 1 | |
| Scroll of Protection | 2 | |
7 total
Chat log
(00:19 / Allies) itsyaboy: uNits?
(00:25 / Allies) NeIsonMandeIIa: Possibly
(00:26 / Allies) ThePolarBear: mele
(00:33 / Allies) ThePolarBear: melee
(01:21 / All) PorkyJake: I got raped by 2 people getting mortars on this map last time
(01:41 / All) PorkyJake: if they had hit the other side we would ahve won I got level 6 AM out of it
(01:48 / All) PorkyJake: but they destroyed my whole base
(01:58 / All) NICK_FOLES_1: i see
(02:18 / All) PorkyJake: they had hh casters too and fiends
(02:29 / All) realizeitzagame: sounds like melee wins that game
(03:46 / All) NeIsonMandeIIa: Level 1 KotG harass really?
(04:04 / All) NeIsonMandeIIa: That was pathetic
(04:27 / All) NeIsonMandeIIa: Grats 1 peasant
(04:41 / Allies) PorkyJake: dude
(04:44 / Allies) PorkyJake: you basically just leeced exp
(04:54 / All) NeIsonMandeIIa: Do you feel accomplished with that level 1 harass for all KotG mana and bm mana and 1 peasant kill?
(04:58 / Allies) ThePolarBear: wanted to meet up for later
(05:12 / Allies) NeIsonMandeIIa: Leech me and I kill you
(05:15 / Allies) NeIsonMandeIIa: get away
(05:18 / Allies) PorkyJake: I'd be like level 3
(05:29 / Allies) NeIsonMandeIIa: you piece of shit
(05:30 / Allies) PorkyJake: he does it deliberately
(05:48 / Allies) ThePolarBear: leach i don't care
(06:20 / Allies) NeIsonMandeIIa: Thanks for the items
(09:46 / Allies) ThePolarBear: we need aa
(09:49 / Allies) NeIsonMandeIIa: Shut the fuck up
(09:59 / Allies) NeIsonMandeIIa: Don't speak unless spoken to
(10:07 / Allies) ThePolarBear: fuck off asshole
(10:12 / Allies) NeIsonMandeIIa: I told you
(10:14 / Allies) NeIsonMandeIIa: Shut the fuck up
(10:16 / All) orcccc: GG
(11:01 / All) orcccc: GG
(11:08 / All) NeIsonMandeIIa: I should be fucking level 3
(11:11 / All) NeIsonMandeIIa: but this prick stole my XP
(11:38 / Allies) itsyaboy: red has no units
(11:38 / Allies) PorkyJake: lumbers
(12:06 / Allies) NeIsonMandeIIa: autofollowing little shit
(12:12 / Allies) NeIsonMandeIIa: can't even move his own army
(13:14 / Allies) PorkyJake: lumbers
(13:39 / Allies) PorkyJake: b
(13:40 / Allies) PorkyJake: b
(13:49 / All) NeIsonMandeIIa: yeah focus the hero with 2 invul potions
(14:56 / All) NeIsonMandeIIa: This is the longest I've gone in a game at level 2 thanks to our XP leeching prick pink destroying 2 of my creeping routes
(15:10 / Allies) PorkyJake: move
(15:18 / Allies) NeIsonMandeIIa: He's an autofollowing dumbass
(17:20 / All) PorkyJake: how many expos you have orange and you went over food limit LOL
(17:23 / All) PorkyJake: poor dumbass
(17:41 / All) NeIsonMandeIIa: and now green xp leeches
(18:06 / Allies) itsyaboy: stfu asshole
(18:09 / Allies) itsyaboy: trying to help you
(18:15 / Allies) NeIsonMandeIIa: I had it, you just wanted Xp
(18:26 / Allies) itsyaboy: i chased him to your base, but sure
(18:50 / All) PorkyJake: HAH RED
(18:52 / All) PorkyJake: HAHAHAHAHA
(18:53 / All) PorkyJake: LOL
(18:55 / All) PorkyJake: LOL
(18:58 / All) NeIsonMandeIIa: HAHAHA
(18:59 / All) NeIsonMandeIIa: FREE XP
(19:00 / All) realizeitzagame: oh yellow alreadu took it out
(19:01 / All) NeIsonMandeIIa: FREE PEASANTS
(19:02 / All) NeIsonMandeIIa: LOL
(19:04 / All) NeIsonMandeIIa: HAHAHAHAHA
(19:11 / All) NICK_FOLES_1: red is crying like a baby, accusing me of something i didnt do
(19:16 / All) PorkyJake: RED SUCKS LOL
(19:18 / All) realizeitzagame: he is an exp leecher
(19:25 / All) NICK_FOLES_1: all this cuz i took an item that was rightfully mine
(19:25 / All) NeIsonMandeIIa: My team had 2
(19:32 / All) realizeitzagame: sucks to get them
(19:37 / All) PorkyJake: LOL
(19:44 / All) realizeitzagame: i have lots of gold though
(19:52 / All) NICK_FOLES_1: and no wood
(19:56 / All) NICK_FOLES_1: and a bad player
(19:56 / All) PorkyJake: LOL BLUE
(19:59 / All) NICK_FOLES_1: looks good for u
(20:04 / All) PorkyJake: LOL
(20:08 / All) PorkyJake: THE OL' IN AND OUT
(20:52 / All) realizeitzagame: i didnt get air upgrad pupr
(20:56 / All) realizeitzagame: so stop please
(20:56 / All) PorkyJake: Favorite Robin Hood? I loved the one with a fox as a kid
(22:11 / All) PorkyJake: lost a griff
(22:21 / All) PorkyJake: because of orb
(22:31 / All) NICK_FOLES_1: its a shame red tked this game guys
(22:33 / All) NICK_FOLES_1: he ruined it
(22:51 / All) NeIsonMandeIIa: A shame pink is XP leeching filth
(23:40 / All) NeIsonMandeIIa: Tranquility to heal those peasants?
(23:48 / All) NICK_FOLES_1: lol
(24:35 / All) NICK_FOLES_1: time for fat boy to enter the arena
(24:52 / Allies) ThePolarBear: purple is tking me
(24:53 / Allies) NeIsonMandeIIa: Time for you to die, XP leecher
(25:00 / Allies) NeIsonMandeIIa: You stole my XP
(25:08 / Allies) ThePolarBear: then i let you take mine
(25:10 / Allies) ThePolarBear: you fuck
(25:14 / Allies) itsyaboy: that's not even a thing
(25:16 / Allies) NeIsonMandeIIa: I took it myself
(25:21 / Allies) NeIsonMandeIIa: You didn't let me do shit
(25:31 / Allies) ThePolarBear: we were winnign ass hole
(25:37 / Allies) ThePolarBear: you justa
(25:48 / All) PorkyJake: whoops l;awl
(26:00 / All) orcccc: tNK QITHOUT AA
(26:15 / All) PorkyJake: Alright blue
(26:18 / All) PorkyJake: I get 100 food
(26:20 / All) PorkyJake: you die next
(26:22 / Allies) ThePolarBear: you killed all my peons
(26:22 / All) PorkyJake: Faggot
(26:24 / Allies) ThePolarBear: you fucker
(26:43 / All) PorkyJake: You're fucking dead blue
(26:47 / All) NICK_FOLES_1: he only has 17 gl ol
(27:07 / All) PorkyJake: You hear me?
(27:08 / All) PorkyJake: DEAD
(27:19 / All) ThePolarBear: purp teamkilled all my peons and he has 19,000 gold and he's not even using it
(27:37 / All) NeIsonMandeIIa: You leeched my XP
(28:37 / Allies) itsyaboy: you're bad at trolling purp
(28:39 / All) NeIsonMandeIIa: That shredder worth every berserker?
(28:42 / Allies) itsyaboy: lmao
(29:35 / All) NeIsonMandeIIa: There we go
(29:40 / Allies) itsyaboy: nice teal
(29:57 / All) NeIsonMandeIIa: LOL
(30:07 / All) NICK_FOLES_1: babies
(30:16 / All) NeIsonMandeIIa: I wish I had level 7
(30:20 / All) NeIsonMandeIIa: I would if not for pink fucking me
(30:28 / All) PorkyJake: EXP LEECH
(30:32 / All) PorkyJake: EXP LEECH MUST DIE
(32:24 / All) NeIsonMandeIIa: I like when tanks are sitting ducks and have no barrage
(38:26 / Allies) itsyaboy: fwing yellow eh
(38:27 / Allies) itsyaboy: cute
(38:38 / Allies) PorkyJake: English, motherfucker
(38:42 / Allies) itsyaboy: LOL
(38:44 / Allies) itsyaboy: dumb boy
(38:59 / Allies) PorkyJake: Fucking ape, troglodyte
(39:04 / Allies) itsyaboy: dumb boy
(39:05 / Allies) PorkyJake: Be gone from these lands
(39:21 / Allies) itsyaboy: Act smart for a minute
(39:22 / Allies) itsyaboy: bravo
(40:01 / Allies) itsyaboy: People still fw these days
(40:03 / Allies) itsyaboy: crazy
(40:08 / All) PorkyJake: Barely a sufficient amount of towers, Jacob